 Dungeon Crawl Stone Soup version 0.30-a0-381-g6ea064c7b4 (webtiles) character file.

Game seed: 11945842230727861400

560 bande the Chopper (level 7, -5/44 HPs)
             Began as a Gargoyle Fighter on Dec 1, 2022.
             Killed by divine providence
             ... invoked by an orc priest
              (14 damage)
             ... on level 5 of the Dungeon.
             The game lasted 00:05:11 (3235 turns).

bande the Chopper (Gargoyle Fighter)                Turns: 3235, Time: 00:05:11

Health: -5/44      AC: 19    Str: 19    XL:     7   Next: 31%
Magic:  7/7        EV:  9    Int:  9    God:
Gold:   148        SH:  5    Dex: 17    Spells: 6/6 levels left

rFire   . . .      SeeInvis .    a - +0 war axe
rCold   . . .      Faith    .    c - +0 buckler
rNeg    + . .      Spirit   .    b - +0 scale mail
rPois   ∞          Reflect  .    (no helmet)
rElec   +          Harm     .    (no cloak)
rCorr   .          Rampage  +    (no gloves)
Will    .....                    x - +2 pair of boots {rampage}
Stlth   ..........               (no amulet)
HPRegen 0.27/turn                h - +6 ring of dexterity
MPRegen 0.10/turn                q - +4 ring of protection

@: no status effects
A: sickness immunity, AC +4, negative energy resistance 1, electricity
resistance, torment resistance 1, petrification resistance
a: no special abilities


You were on level 5 of the Dungeon.
You visited 1 branch of the dungeon, and saw 5 of its levels.

You collected 158 gold pieces.
You spent 10 gold pieces at shops.

Inventory:

Hand Weapons
 a - a +0 war axe (weapon)
 p - a +0 morningstar
Armour
 b - a +0 scale mail (worn)
 c - a +0 buckler (worn)
 n - a +1 pair of boots
 u - a +2 ring mail of cold resistance
 x - a +2 pair of boots of rampaging (worn)
Jewellery
 h - a +6 ring of dexterity (left hand)
 o - the ring of Feej {Fire rElec Will- Int+7}
   (You found it on level 3 of the Dungeon)

   [ring of fire]

   It enhances your fire magic.
   Int:       It affects your intelligence (+7).
   rF:        It protects you from fire.
   rC:        It makes you vulnerable to cold.
   rElec:     It insulates you from electricity.
   Will:      It decreases your willpower.
 q - a +4 ring of protection (right hand)
 r - a ring of willpower
 s - the ring of Tomo {Fire Fly rPois Str+3 Int+4}
   (You found it on level 4 of the Dungeon)

   [ring of fire]

   It enhances your fire magic.
   Str:       It affects your strength (+3).
   Int:       It affects your intelligence (+4).
   rF:        It protects you from fire.
   rC:        It makes you vulnerable to cold.
   rPois:     It protects you from poison.
   Fly:       It grants you flight.
Scrolls
 i - 2 scrolls of teleportation
 k - 2 scrolls of poison
 m - a scroll of blinking
 t - a scroll of fear {unknown}
Potions
 d - a potion of might
 e - a potion of berserk rage
 f - 2 potions of brilliance
 g - a potion of haste
 j - a potion of flight {unknown}
 l - 3 potions of curing {unknown}
 v - a potion of attraction {unknown}
 w - a potion of mutation {unknown}


   Skills:
 + Level 4.7 Fighting
 + Level 5.2 Axes
 + Level 5.0 Armour
 + Level 4.2 Shields


You had 6 spell levels left.
You didn't know any spells.
Your spell library contained the following spells:

 Spells                   Type           Power      Damage    Failure   Level
 Kiss of Death            Conj/Necr      0%         2d5       83%         1
 Confusing Touch          Hex            0%         N/A       99%         3
 Dispel Undead            Necr           0%         3d6       100%        4


Dungeon Overview and Level Annotations

Branches:
Dungeon (5/15)
 Temple: D:4-7

Altars:

Shops:
D:1 *


Innate Abilities, Weirdness & Mutations

You are immune to sickness and miasma.
Your stone body is resilient. (AC +4)
You are immune to poison.
You resist negative energy. (rN+)
You are resistant to electric shocks. (rElec)
You are resistant to unholy torment.
You are immune to petrification.


Message History

You block the phantom's attack.
The orc priest hits you but does no damage.
You hit the orc priest.
The orc priest is heavily wounded.
You hit the phantom but do no damage. You slash the black bear!
You kill the black bear!
You hit the orc. The orc hits you with a +0 flail!
* * * LOW HITPOINT WARNING * * *
The phantom hits you but does no damage.
The orc priest hits you with a +0 hand axe.
* * * LOW HITPOINT WARNING * * *
The orc closely misses you.
Your Axes skill increases to level 5!
Your Armour skill increases to level 5!
You barely miss the orc priest.
The orc priest is heavily wounded.
You barely miss the phantom. You slash the orc!
You kill the orc!
The phantom closely misses you.
The orc priest hits you but does no damage.
Unknown command.
You barely miss the orc priest.
The orc priest is heavily wounded.
You slash the phantom!
The phantom hits you but does no damage.
The orc priest invokes the aid of Beogh against you.
You struggle to resist.
The phantom hits you but does no damage.
The orc priest casts a cantrip, but nothing happens.
You hit the orc priest.
The orc priest is severely wounded.
You closely miss the phantom. The phantom hits you.
* * * LOW HITPOINT WARNING * * *
The phantom blinks!
You blink.
Unknown command.
You hit the phantom.
The phantom is almost destroyed.
You block the phantom's attack.
The orc priest mumbles some strange prayers to Beogh against you.
Beogh smites you!
You die...

#. #.# # #...
.# #... .#
#.... .#
#....# ##..#
#.....##...#
#.....@W...#
##.........#
##........##
###.......###
##.o:.....####
##.).........
##.§........
##.).......
##.........


You could see a phantom and an orc priest.

Vanquished Creatures
  Duvessa (D:4)
  A black bear (D:5)
  A scorpion (D:2)
  Dowan (D:4)
  A hound (D:4)
  An orc priest (D:3)
  An iguana (D:5)
  3 adders
  4 gnolls
  A worm (D:2)
  A dart slug (D:5)
  17 orcs
  6 ball pythons
  5 endoplasms
  2 giant cockroaches
  4 goblins
  7 hobgoblins
  6 jackals (D:1)
  5 quokkas
  6 bats (D:1)
  2 frilled lizards
  5 kobolds
  2 rats (D:1)
83 creatures vanquished.

Vanquished Creatures (others)
  2 fungi (D:2)
2 creatures vanquished.

Grand Total: 85 creatures vanquished

Notes
Turn   | Place    | Note
-------+----------+-------------------------------------------
     0 | D:1      | bande the Gargoyle Fighter began the quest for the Orb.
     0 | D:1      | Reached XP level 1. HP: 14/14 MP: 1/1
   165 | D:1      | Reached XP level 2. HP: 19/19 MP: 2/2
   287 | D:1      | Found Faemis's General Store.
   313 | D:1      | Bought a potion of degeneration for 10 gold pieces
   342 | D:1      | Reached XP level 3. HP: 21/24 MP: 3/3
   774 | D:2      | Reached XP level 4. HP: 29/29 MP: 4/4
   776 | D:2      | Found a faded altar of an unknown god.
  1230 | D:3      | Noticed a scorpion
  1248 | D:2      | Killed a scorpion
  1249 | D:2      | Reached XP level 5. HP: 8/33 MP: 5/5
  1906 | D:3      | Identified the ring of Feej {Fire rElec Will- Int+7}
  2541 | D:4      | Reached XP level 6. HP: 32/38 MP: 6/6
  2718 | D:4      | Identified the ring of Tomo {Fire Fly rPois Str+3 Int+4}
  2736 | D:4      | Noticed Dowan
  2737 | D:4      | Noticed Duvessa
  2751 | D:4      | Killed Duvessa
  2758 | D:4      | Killed Dowan
  2992 | D:4      | Reached XP level 7. HP: 44/44 MP: 7/7
  3130 | D:5      | Entered Level 5 of the Dungeon
  3231 | D:5      | Reached skill level 5 in Axes
  3231 | D:5      | Reached skill level 5 in Armour
  3235 | D:5      | Killed from afar by an orc priest

Illustrated notes

Levels and vault maps discovered:
D:1:      minmay_arrival_four_houses, layout_basic, serial_shops,
          nicolae_lakefront_shop, serial_glass, glass_columns_c,
          glass_columns_b, glass_columns_a, glass_columns_a, glass_columns_b,
          glass_columns_a, glass_columns_a, glass_columns_b
D:2:      layout_rooms, dreamdust_ecumenical_altar_grove
D:3:      layout_basic
D:4:      layout_rooms, uniq_duvessa
D:5:      layout_layer_cave, mainiacjoe_overflow_swirl, st_stairs_6

Skill      XL: |  1  2  3  4  5  6  7 |
---------------+----------------------+-----
Axes           | 2 3 4 5 |  5.2
Fighting       | 4 |  4.7
Armour         | 4 5 |  5.0
Shields        | 4 |  4.2

Action                   |  1- 3 |  4- 6 |  7- 9 || total
-------------------------+-------+-------+-------++-------
Melee: War axe           |   100 |   122 |    34 ||   256
  Use: Scroll            |       |     8 |       ||     8
       Potion            |       |     1 |       ||     1
Armor: Scale mail        |    54 |    73 |    25 ||   152
Dodge: Dodged            |    46 |    76 |    24 ||   146
Block: Buckler           |    30 |    25 |    13 ||    68

Table legend: (Time is in decaauts)
 A = Elapsed time spent in this place.
 B = Non-inter-level travel time spent in this place.
 C = Inter-level travel time spent in this place.
 D = Time resting spent in this place.
 E = Time spent auto-exploring this place.
 F = Levels seen in this place.
 G = Mean time per level.
                   A        B        C        D        E       F      G
               +--------+--------+--------+--------+--------+-----+--------+
         Total |   3339 |   3303 |     36 |    863 |   1687 |   5 |  667.8 |
       Dungeon |   3339 |   3303 |     36 |    863 |   1687 |   5 |  667.8 |
               +--------+--------+--------+--------+--------+-----+--------+

Top non-repeatable levels by time:
     D:2: 1175 daAuts
     D:1: 711 daAuts
     D:3: 694 daAuts
     D:4: 645 daAuts
     D:5: 111 daAuts
